 Dungeon Crawl Stone Soup version 0.13.0-25-g43d4df3 (webtiles) character file.

354 Psiweapon the Grasshopper (level 5, 0/45 HPs)
             Began as a Deep Dwarf Warper on Oct 28, 2013.
             Slain by an iguana (9 damage)
             ... on Level 4 of the Dungeon.
             The game lasted 00:13:02 (2184 turns).

Psiweapon the Grasshopper (Deep Dwarf Warper)       Turns: 2184, Time: 00:13:03

HP   0/45        AC  7     Str 15      XL: 5   Next:  6%
MP   7/7         EV 12     Int 14      God:
Gold 209         SH  0     Dex 12      Spells:  2 memorised,  5 levels left

Res.Fire  : . . .   See Invis. : +   B - +2,+0 broad axe
Res.Cold  : . . .   Warding    : .   b - +0 leather armour
Life Prot.: . . .   Conserve   : .   (no shield)
Res.Poison: .       Res.Corr.  : .   v - +0 helmet (curse)
Res.Elec. : .       Clarity    : .   j - +0 elf cloak
Sust.Abil.: . .     Spirit.Shd : .   (no gloves)
Res.Mut.  : .       Stasis     : .   w - +1 pair of dwarf boots
Res.Rott. : .       Flight     : .   (no amulet)
Saprovore : . . .                    (no ring)
                                     k - ring of see invisible {unknown}

@: non-regenerating, somewhat resistant to hostile enchantments, unstealthy
A: damage resistance, recharge devices, sense surroundings 1, slow healing 3
a: Device Recharging


You were on level 4 of the Dungeon.
You were not hungry.

You visited 1 branch of the dungeon, and saw 4 of its levels.

You collected 159 gold pieces.

Inventory:

Hand weapons
 a - a +0,+1 dwarven falchion
 i - a +2,+0 whip of reaching
 m - a +1,+2 dwarven mace
 o - a +1,+0 elven spear
 p - a +4,+4 elven whip
 B - a +2,+0 broad axe (weapon)
Missiles
 e - 14 darts (quivered)
 f - 10 darts of dispersal
 n - 4 needles of sleeping
Armour
 b - a +0 leather armour (worn)
 j - a +0 elven cloak (worn)
 v - a cursed +0 helmet (worn)
 w - a +1 pair of dwarven boots (worn)
Magical devices
 g - a wand of heal wounds (1)
Comestibles
 h - a bread ration
 r - a choko
 F - 2 rotting chunks of hobgoblin flesh
Scrolls
 d - 2 scrolls of blinking
 q - 4 scrolls of remove curse
 s - a scroll of teleportation
 y - a scroll of magic mapping {unknown}
Jewellery
 k - a ring of see invisible (left hand) {unknown}
Potions
 l - 2 potions of confusion {unknown}
 t - a potion of agility {unknown}
 u - 2 potions of berserk rage {unknown}
 x - a potion of degeneration {unknown}
 z - a potion of poison {unknown}
 A - a potion of brilliance {unknown}
 D - 2 potions of heal wounds {unknown}
Books
 c - a book of Spatial Translocations

   Spells                             Type                      Level
   *Apportation                       Translocation                1
   Portal Projectile                  Translocation                2
   *Blink                             Translocation                2
   Shroud of Golubria                 Charms/Translocation         2
   Teleport Other                     Translocation                3
   Passage of Golubria                Translocation                4


   Skills:
 + Level 2.4 Fighting
 - Level 2.4 Long Blades
 + Level 0.2 Axes
 - Level 1.4 Throwing
 + Level 2.8 Armour
 + Level 2.8 Dodging
 - Level 2.2 Spellcasting
 + Level 3.8 Translocations


You had 5 spell levels left.
You knew the following spells:

 Your Spells              Type           Power        Failure   Level  Hunger
a - Apportation           Tloc           ##........   6%          1    #......
b - Blink                 Tloc           N/A          10%         2    ###....


Dungeon Overview and Level Annotations

Branches:
Dungeon (4/27)
 Temple: D:4-7

Altars:
Elyvilon


Innate Abilities, Weirdness & Mutations

You are resistant to damage.
You can recharge devices by infusing magical energy.
You passively map a small area around you.
You do not heal naturally.


Message History

The iguana barely misses you.
You closely miss the iguana. The iguana closely misses you.
You hit the iguana but do no damage.
The iguana bites you but does no damage.
The iguana bites you!
* * * LOW HITPOINT WARNING * * *
Evoke which item? (* to show all) (? for menu, Esc to quit)
Zapping:
g - a wand of heal wounds (2)
Press: ? - help, Shift-Dir - straight line, f - you You feel much better.
This wand has 1 charge left.
The iguana bites you!
* * * LOW HITPOINT WARNING * * *
You closely miss the iguana. The iguana misses you.
You hit the iguana.
The iguana is lightly wounded.
The iguana barely misses you. The iguana bites you.
* * * LOW HITPOINT WARNING * * *
You hit the iguana.
The iguana is moderately wounded.
The iguana closely misses you. The iguana bites you!
You die...

#...#####.# ...## *
#.......).######.....,
..................<...
, ,
####..#####..........
* #.. #..####.... #.
#..# , #., #..# , #
#..# , #@.# ,, , *
#l$# , ,, #..# , *
#..# * .... * , .....
..... * , ####### , *


You could see an iguana.

Vanquished Creatures
  4 adders
  2 worms
  An ooze (D:1)
  An orc (D:3)
  8 bats
  A giant cockroach (D:2)
  10 goblins
  13 hobgoblins
  11 jackals
  3 quokkas (D:2)
  A ball python (D:1)
  2 giant geckos (D:2)
  7 giant newts
  8 kobolds
  15 rats
87 creatures vanquished.

Vanquished Creatures (others)
  A goblin (D:1)
1 creature vanquished.

Grand Total: 88 creatures vanquished

Notes
Turn   | Place    | Note
--------------------------------------------------------------
     0 | D:1      | Psiweapon, the Deep Dwarf Warper, began the quest for the Orb.
     0 | D:1      | Reached XP level 1. HP: 18/18 MP: 1/1
    79 | D:1      | Reached XP level 2. HP: 8/25 MP: 0/2
   171 | D:1      | Reached skill level 1 in Throwing
   309 | D:1      | Reached XP level 3. HP: 14/31 MP: 4/4
   711 | D:2      | Learned a level 2 spell: Blink
   999 | D:2      | Reached XP level 4. HP: 30/39 MP: 3/6
  1768 | D:3      | Found a white marble altar of Elyvilon.
  2004 | D:3      | Reached XP level 5. HP: 27/45 MP: 7/7
  2184 | D:4      | Slain by an iguana

Action                   |  1- 3 |  4- 6 || total
-------------------------+-------+-------++-------
Melee: Falchion          |   157 |    94 ||   251
       Broad axe         |       |    48 ||    48
Throw: Dart              |     4 |       ||     4
 Cast: Apportation       |     2 |       ||     2
       Blink             |     1 |       ||     1
Evoke: Wand              |     3 |     1 ||     4
  Use: Scroll            |     3 |     2 ||     5
